Map: Neon Violet Square LE

Players

Infamous

  • Race: Protoss Protoss
  • League: Gold
  • Spawn Location: 11:00

Hilikus - Winner!

  • Race: Zerg Zerg
  • League: Platinum
  • Spawn Location: 5:00

VOD

Have the link to the VOD?

Description

Time

  • Played on: April 18, 2018, 2:24 p.m.
  • Length: 12:49
Show
View Real Time Build Order
Export as new Build Order

Infamous Protoss 

Build Orders:  

Get SALT Encoding   

  12  0:01  Probe  
  13  0:16  Pylon  
  13  0:19  Probe  
  14  0:32  Probe  
  14  0:34  Gateway  
  14  0:40  Probe  
  16  0:54  Assimilator  
  16  0:58  Probe  
  17  1:10  Probe  
  18  1:21  Cybernetics Core  
  18  1:25  Zealot  
  20  1:38  Probe  
  21  1:50  Probe  
  22  1:57  Nexus  
  22  2:12  Probe  
  23  2:21  Pylon  
  23  2:23  Warp Gate  
  23  2:31  Stalker, Assimilator  
  23  2:33  Pylon  
  23  2:44  Gateway  
  25  2:56  Gateway  
  25  3:03  Gateway  
  25  3:11  Probe  
  24  3:14  Probe  
  24  3:19  Probe  
  26  3:21  Stalker  
  26  3:23  Sentry  
  26  3:26  Probe  
  32  3:38  Probe  
  32  3:39  Probe  
  34  3:50  Probe  
  34  3:52  Stargate  
  35  4:09  Probe x2  
  37  4:26  Probe  
  37  4:30  Probe  
  39  4:33  Pylon  
  39  4:34  Probe  
  39  4:36  Phoenix  
  41  4:42  Probe  
  41  4:44  Stalker x4  
  51  4:54  Probe x2  
  51  4:56  Assimilator  
  53  5:01  Phoenix  
  55  5:07  Probe x2  
  57  5:19  Probe  
  57  5:20  Robotics Facility  
  58  5:25  Zealot x2  
  62  6:07  Twilight Council  
  62  6:09  Assimilator  
  62  6:12  Pylon  
  62  6:14  Pylon  
  62  6:19  Pylon  
  62  6:22  Nexus  
  62  6:30  Probe x2  
  64  6:38  Phoenix  
  66  6:42  Probe x2  
  66  7:03  Stalker x2  
  66  7:04  Stalker x2  
  54  7:20  Probe  
  54  7:21  Probe  
  53  7:27  Zealot x4  
  61  7:33  Probe  
  62  7:40  Phoenix  
  62  7:42  Probe  
  65  7:45  Probe  
  66  7:55  Stalker x4  
  74  8:05  Probe x2  
  75  8:06  Probe  
  77  8:14  Void Ray  
  77  8:17  Probe x2  
  83  8:31  Probe x3  
  86  8:35  Robotics Bay  
  86  8:43  Probe x2  
  88  8:51  Stalker  
  88  8:53  Zealot x3  
  64  9:25  Zealot x4  
  64  9:28  Disruptor  
  73  9:40  Probe x2  
  73  9:44  Probe, Assimilator  
  76  9:48  Assimilator  
  76  9:57  Zealot x4  
  84  10:15  Forge  
  84  10:17  Forge  
  84  10:18  Sentry  
  84  10:20  Zealot x3  
  90  10:28  Disruptor  
  93  10:50  Zealot x2  
  93  10:51  Zealot x2  
  51  11:44  Zealot x3  
  46  11:49  Disruptor  
  31  12:09  Zealot  
Show
View Real Time Build Order
Export as new Build Order

Hilikus Zerg - Winner!

Build Orders: Hatch First 

Get SALT Encoding   

  12  0:01  Drone  
  13  0:09  Drone  
  14  0:43  Overlord  
  14  0:44  Hatchery  
  13  0:51  Drone  
  14  1:03  Drone x2  
  16  1:06  Extractor, Drone  
  16  1:09  Extractor  
  15  1:16  Drone  
  16  1:27  Spawning Pool  
  16  1:30  Drone  
  16  1:42  Drone  
  17  1:50  Drone  
  18  1:56  Overlord  
  18  2:03  Drone  
  19  2:09  Drone  
  19  2:10  Drone  
  19  2:14  Queen  
  23  2:22  Queen  
  25  2:26  Drone  
  26  2:30  Drone  
  26  2:36  Overlord  
  27  2:39  Drone  
  28  2:57  Pneumatized Carapace  
  28  3:06  Overlord x3  
  28  3:14  Lair  
  28  3:18  Drone  
  29  3:20  Drone  
  29  3:22  Drone  
  29  3:24  Drone  
  32  3:30  Metabolic Boost  
  32  3:44  Drone x4  
  36  3:59  Hatchery  
  35  4:09  Evolution Chamber  
  34  4:15  Overseer  
  34  4:17  Overseer  
  34  4:20  Zergling x2  
  34  4:21  Zergling x12  
  34  4:23  Zergling x2  
  42  4:25  Zergling x2  
  42  4:27  Zergling x2  
  42  4:30  Zergling x2  
  45  4:32  Zergling x2  
  45  4:35  Drone  
  47  4:38  Drone  
  47  4:39  Drone  
  47  4:41  Drone  
  50  5:01  Zergling x6  
  50  5:02  Zergling x4  
  50  5:03  Zergling x2  
  56  5:08  Zerg Ground Armor Level 1  
  56  5:10  Zergling x4  
  56  5:11  Zergling x2  
  56  5:13  Queen  
  61  5:14  Drone  
  61  5:16  Drone  
  63  5:26  Zergling x2  
  63  5:27  Zergling x2  
  65  5:29  Zergling x2  
  65  5:33  Zergling x4  
  65  5:34  Zergling x2  
  69  5:53  Drone x2  
  69  5:55  Hatchery  
  70  6:09  Drone  
  71  6:16  Drone  
  71  6:17  Drone x2, Hydralisk Den  
  73  6:19  Extractor  
  73  6:20  Drone x2  
  73  6:21  Extractor  
  73  6:22  Overlord  
  73  6:23  Overlord x2  
  62  7:03  Overlord x5  
  55  7:23  Grooved Spines  
  55  7:25  Hydralisk x5  
  55  7:26  Hydralisk x4  
  71  7:32  Hydralisk x2  
  75  7:45  Drone  
  75  7:48  Hydralisk x2  
  81  7:51  Drone  
  81  7:54  Extractor x2, Drone  
  81  7:58  Drone x3  
  83  8:02  Hydralisk x2  
  87  8:14  Spore Crawler  
  87  8:15  Spore Crawler  
  85  8:20  Drone x3  
  85  8:23  Hydralisk x3  
  94  8:29  Drone x3  
  94  8:30  Drone x2  
  99  8:34  Muscular Augments  
  99  8:38  Drone  
  100  8:42  Drone  
  100  8:43  Drone x2  
  100  8:46  Hydralisk x3  
  100  8:47  Hydralisk  
  111  8:49  Overlord x3  
  111  9:04  Drone  
  110  9:12  Extractor  
  110  9:15  Extractor  
  93  9:25  Hydralisk x5  
  93  9:26  Hydralisk x8  
  119  9:33  Zerg Missile Weapons Level 1  
  119  9:34  Evolution Chamber  
  119  9:37  Drone x3  
  121  9:43  Drone x3  
  124  10:13  Hydralisk  
  124  10:14  Hydralisk x4  
  126  10:15  Hatchery  
  126  10:17  Overlord x3  
  133  10:54  Drone  
  133  10:55  Drone x2  
  136  11:07  Hydralisk  
  136  11:08  Hydralisk x10  
  136  11:10  Overlord x4  
  158  11:26  Infestation Pit  
  129  12:16  Drone x3  
  132  12:26  Drone  
  132  12:28  Drone  
Tags
 
Add a new tag
Caveats
  • Supply blocks, unpowered buildings, or Contaminate may cause inaccurate times.
  • Supply counts are checked every 10 seconds.